AoeStats
← paderbornml1998

Arabia

509622800Analyzed
1v1 RM · 6d ago on Sep 27, 2026· 39m 18s· 2 players
Game mode
Random Map
Map size
Tiny (2 player)
Population
200
Speed
Normal
Resources
Standard
Victory
Conquest
Starting age
Dark Age
Ending age
Imperial Age
RankedLock teamsTeams togetherTeam positionsShared explorationLock speedFull tech treeHidden civsTurbo modeCheats
Victory
Defeat
🇺🇸 Byzantines · United States
921
+15
🇩🇪 Khmer · Germany
902
-42
paderbornml1998
2:26 Loom
10:16 Feudal Age
12:34 Wheelbarrow
12:53 Double-Bit Axe
13:45 Horse Collar
20:55 Castle Age
19:02 Man-at-Arms
21:55 Hand Cart
23:46 Scale Mail Armor
24:42 Long Swordsman
26:21 Town Watch
36:34 Imperial Age
36:50 Town Patrol
ltfarg
3:34 Loom
10:59 Feudal Age
11:26 Double-Bit Axe
11:22 Horse Collar
21:15 Castle Age
19:49 Fletching
20:40 Padded Archer Armor
21:54 Elite Skirmisher
22:40 Thumb Ring
23:04 Bodkin Arrow
22:32 Pikeman
24:00 Bow Saw
29:59 Ballistics
30:32 Gold Mining
30:48 Heavy Plow
35:07 Imperial Age
33:14 Wheelbarrow
33:33 Squires
34:13 Scale Mail Armor
34:23 Forging
37:12 Hand Cart
38:23 Chemistry
Connection lost

Rejoining the realm…

Still unreachable

The connection could not be restored.

Session expired

The server has moved on; the page needs a fresh start.